Map: Dusk Towers

Players

MǂForGG - Winner!

  • Race: Terran Terran
  • League: Master

RusZerg

  • Race: Zerg Zerg
  • League: Master

VOD

Have the link to the VOD?

Description

Time

  • Played on: Nov. 14, 2015, 3:54 a.m.
  • Length: 6:32
Show
View Real Time Build Order
Export as new Build Order

MǂForGG Terran - Winner!

Build Orders: Liberator Opening, Reaper Expand 

Get SALT Encoding   

  12  0:01  SCV  
  13  0:13  SCV  
  14  0:21  Supply Depot  
  14  0:25  SCV  
  15  0:43  SCV  
  15  0:44  Barracks  
  15  0:46  Refinery  
  16  0:55  SCV  
  17  1:07  SCV  
  18  1:19  SCV  
  19  1:33  Orbital Command  
  19  1:34  Reaper  
  20  1:41  Command Center  
  20  1:51  Supply Depot  
  20  1:58  SCV  
  20  1:59  Refinery  
  21  2:05  Marine  
  22  2:11  SCV  
  22  2:15  Factory  
  23  2:23  SCV  
  23  2:24  Barracks Reactor  
  24  2:35  SCV  
  25  2:47  SCV  
  26  2:54  Orbital Command  
  26  2:59  SCV  
  26  3:00  Starport  
  27  3:09  Barracks Reactor, Hellion x2, Refinery  
  27  3:11  SCV  
  33  3:20  SCV  
  33  3:23  SCV  
  33  3:26  Supply Depot  
  34  3:33  Hellion x2  
  38  3:35  Liberator x2  
  38  3:37  SCV x2  
  39  3:49  SCV x2  
  47  3:59  Hellion x2  
  51  4:03  Supply Depot  
  51  4:10  Barracks Tech Lab  
  51  4:11  SCV x2  
  53  4:21  Supply Depot, Liberator  
  53  4:26  SCV x2  
  53  4:27  Barracks, Liberator  
  53  4:31  Barracks  
  55  4:33  Factory Reactor  
  61  4:46  Marine  
  61  4:52  SCV x2  
  64  5:04  Marine  
  64  5:06  Supply Depot, SCV x2  
  67  5:10  Liberator x2  
  67  5:16  Engineering Bay  
  67  5:17  Engineering Bay  
  67  5:18  SCV x2  
  69  5:28  Supply Depot, Refinery  
  75  5:34  Marine x3  
  78  5:49  Marine x2  
  80  5:51  SCV x2  
  80  5:53  Marine x3  
  80  5:55  Supply Depot  
  79  6:07  Marine x2  
  81  6:11  Marine x3  
Show
View Real Time Build Order
Export as new Build Order

RusZerg Zerg 

Build Orders: Hatch First 

Get SALT Encoding   

  12  0:01  Drone  
  13  0:12  Overlord  
  13  0:17  Drone  
  14  0:30  Drone x2  
  14  0:34  Drone  
  17  0:52  Hatchery  
  17  0:55  Drone  
  17  0:57  Drone  
  17  1:01  Extractor  
  17  1:07  Drone  
  18  1:17  Spawning Pool  
  17  1:20  Drone  
  18  1:27  Drone  
  19  1:38  Overlord  
  19  1:49  Drone  
  20  2:05  Zergling x4, Queen x2  
  20  2:06  Metabolic Boost  
  26  2:12  Drone  
  27  2:16  Drone  
  27  2:21  Drone  
  29  2:27  Drone  
  30  2:34  Drone  
  31  2:37  Drone  
  31  2:40  Queen  
  34  2:46  Overlord  
  34  2:49  Lair  
  34  2:52  Drone  
  35  2:58  Spore Crawler  
  35  3:00  Drone  
  36  3:07  Drone x2  
  36  3:08  Drone  
  39  3:15  Drone x3  
  39  3:18  Overlord, Extractor  
  39  3:19  Drone x2  
  43  3:24  Overlord  
  43  3:27  Drone  
  44  3:41  Drone x3  
  47  3:42  Drone  
  48  3:50  Drone  
  48  3:52  Spire  
  48  3:58  Drone x4, Overlord, Extractor  
  48  3:59  Drone, Extractor  
  51  4:10  Hatchery  
  51  4:12  Zergling x2  
  49  4:18  Drone  
  49  4:19  Roach Warren  
  49  4:22  Zergling x2  
  49  4:23  Zergling x4  
  52  4:26  Zergling x4  
  54  4:40  Spore Crawler, Drone  
  54  4:41  Drone x3  
  57  4:48  Drone  
  57  4:51  Drone  
  59  4:58  Overlord  
  59  5:07  Overlord x3  
  50  5:23  Mutalisk x4  
  50  5:25  Mutalisk  
  64  5:29  Drone  
  62  5:38  Drone  
  59  5:52  Drone  
  59  5:53  Drone x3  
  54  5:57  Drone  
  54  5:59  Drone  
  54  6:01  Drone  
  46  6:06  Drone  
  46  6:08  Drone  
  46  6:09  Drone  
  40  6:11  Drone  
Tags
 
Add a new tag
Caveats
  • Supply blocks, unpowered buildings, or Contaminate may cause inaccurate times.
  • Supply counts are checked every 10 seconds.